 Dungeon Crawl Stone Soup version 0.27-a0-1308-gc08437e49b (webtiles) character file.

Game seed: 3358844760624826589

5910 hunterBerkeley the Thaumaturge (level 11, -4/69 HPs)
             Began as a Djinni Fire Elementalist on June 18, 2021.
             Was a Believer of Makhleb.
             Shot with a bolt by a yaktaur (5 damage)
             ... on level 10 of the Dungeon.
             The game lasted 01:14:43 (11823 turns).

hunterBerkeley the Thaumaturge (DjFE)              Turns: 11823, Time: 01:14:44

Health: -4/69      AC:  9    Str:  7    XL:     11   Next: 8%
Gold:   650        EV: 14    Int: 26    God:    Makhleb [**....] SH:  0 Dex: 14

rFire    + + .     SeeInvis .   O - +4 spear (freeze)
rCold    x . .     Faith    .   (no shield)
rNeg     . . .     Spirit   .   Q - +0 steam dragon scales
rPois    ∞         Reflect  .   N - +2 hat
rElec    .         Harm     .   e - +0 cloak
rCorr    .         Rampage  .   I - +0 pair of gloves
Will     +....                  (boots unavailable)
Stlth    ++........             o - amulet of regeneration
HPRegen  1.21/turn              J - +6 ring of intelligence
MPRegen  0.00/turn              x - ring of wizardry

@: about to teleport, marked, flying
A: sickness immunity, fire resistance 2, cold vulnerability 1, float, innate
caster, hp casting, extra vitality 1
a: Renounce Religion, Minor Destruction


You were on level 10 of the Dungeon.
You worshipped Makhleb.
Makhleb was pleased with you.
You visited 2 branches of the dungeon, and saw 11 of its levels.
You also visited: Ossuary.

You collected 650 gold pieces.

Inventory:

Hand Weapons
 q - a +0 spear of venom
 O - a +4 spear of freezing (weapon)
 P - a +2 broad axe of draining
 S - a +0 dagger of distortion
Missiles
 w - 7 curare-tipped darts
Armour
 a - a +0 robe
 c - a +1 helmet
 e - a +0 cloak (worn)
 v - a +2 ring mail of willpower
 I - a +0 pair of gloves (worn)
 N - a +2 hat (worn)
 Q - +0 steam dragon scales (worn)
Jewellery
 h - a +6 ring of dexterity
 k - a ring of protection from fire
 o - an amulet of regeneration (around neck)
 u - an amulet of the acrobat
 x - a ring of wizardry (right hand)
 G - a ring of see invisible
 J - a +6 ring of intelligence (left hand)
 R - a +6 ring of dexterity
Wands
 j - a wand of polymorph (10)
Scrolls
 b - 4 scrolls of magic mapping
 f - 6 scrolls of identify
 i - 2 scrolls of teleportation
 l - 4 scrolls of noise
 n - 3 scrolls of amnesia
 t - 2 scrolls of enchant armour
 y - 2 scrolls of summoning {unknown}
 B - 2 scrolls of fear {unknown}
 C - a scroll of blinking {unknown}
 D - a scroll of immolation {unknown}
 L - a scroll of enchant weapon {unknown}
Potions
 d - a potion of degeneration
 g - 3 potions of mutation
 m - 4 potions of haste {unknown}
 p - 3 potions of flight
 r - a potion of might {unknown}
 s - 7 potions of curing
 z - a potion of heal wounds
 A - a potion of attraction {unknown}
 E - a potion of resistance
 F - a potion of invisibility {unknown}
 H - a potion of berserk rage {unknown}
 K - a potion of ambrosia {unknown}
 M - 2 potions of brilliance {unknown}


   Skills:
 + Level 2.4 Fighting
 + Level 0.7 Polearms
 + Level 5.2 Dodging
 + Level 3.2 Stealth
 + Level 0.4 Unarmed Combat
 + Level 11.4 Spellcasting
 + Level 0.1 Evocations


You had one spell level left.
You knew the following spells:

 Your Spells              Type           Power      Damage    Failure   Level
a - Foxfire               Conj/Fire      100%       2x1d9     1%          1
b - Conjure Flame         Conj/Fire      65%        6-21      1%          3
c - Inner Flame           Hex/Fire       65%        N/A       1%          3
d - Sticky Flame          Conj/Fire      65%        2d8       1%          4
e - Fireball              Conj/Fire      32%        3d14      1%          5
f - Apportation           Tloc           100%       N/A       1%          1
g - Call Imp              Summ           65%        N/A       1%          2
h - Ozocubu's Armour      Ice            65%        N/A       1%          3
i - Summon Ice Beast      Ice/Summ       65%        N/A       1%          4
j - Blade Hands           Tmut           32%        N/A       1%          5
Your spell library was empty.

Dungeon Overview and Level Annotations

Branches:
Dungeon (10/15)            Temple (1/1) D:7             Orc (0/2) D:10
Ossuary (visited)
   Lair: D:8-11

Altars:
Ashenzari
Cheibriados
Dithmenos
Elyvilon
Fedhas
Gozag
Hepliaklqana
Kikubaaqudgha
Makhleb
Nemelex Xobeh
Okawaru
Qazlal
Ru
Sif Muna
Trog
Uskayaw
Vehumet
Wu Jian
Xom
Yredelemnul
Zin
The Shining One

Shops:
D:5 :   D:6 =   D:8 =


Innate Abilities, Weirdness & Mutations

You are immune to sickness and miasma.
You are immune to poison.
Your flesh is very heat resistant. (rF++)
You are vulnerable to cold. (rC-)
You float through the air rather than walking.
You learn spells naturally, not from books.
Your magical power is your life essence.
You have superior vitality. (+4 HP)


Message History

There is a stone staircase leading down here.
You now have 650 gold pieces (gained 4).
You swap places.
You see here a +0 war axe.
Found 16 stones.
Found a scroll of teleportation.
Your ice beast disappears in a puff of smoke!
Found a stone staircase leading down.
i - 3 scrolls of teleportation (gained 1)
Found a stone staircase leading up.
Your ice beast disappears in a puff of smoke!
You reach down and open the door.
Found a stone staircase leading down.
You set off the alarm!
A sentinel's mark forms upon you.
You hear a shout! x6
There is an open door here.
Your ice beast disappears in a puff of smoke!
A kobold demonologist comes into view.
It is wielding a +0 dagger and carrying a wand of flame (16).
A yaktaur comes into view.
The kobold demonologist looks satisfied for a moment.
A yaktaur comes into view.
The yaktaur wields a +0 arbalest.
The yaktaur shoots a bolt.
The bolt misses you.
Found a robe.
A yaktaur comes into view.
The yaktaur wields a +0 arbalest.
The yaktaur shoots a bolt.
The bolt hits you!
The yaktaur wields a +0 arbalest.
The yaktaur shoots a bolt.
The bolt hits you!!
Casting: Sticky Flame (safe; 1% risk of failure)
Confirm with . or Enter, or press ? or * to list all spells.
A chill wind blows around you.
A yaktaur comes into view.
The kobold demonologist mumbles some strange words.
The yaktaur shoots a bolt.
The bolt barely misses you.
As you read the scroll of teleportation, it crumbles to dust.
You feel strangely unstable.
The yaktaur shoots a bolt.
The bolt hits you!!
* * * LOW HITPOINT WARNING * * *
The yaktaur wields a +0 arbalest.
The yaktaur shoots a bolt.
The bolt hits you.
You die...

...................
................<.......
........................
........................
............>...........
........................
....#.......###..≈≈≈≈...
#########'#####..≈..cc..
#....K.....@≈≈≈≈.[c
#............#....c
#.....5....Y.# ...
#...>........# .
##############


You could see 4 yaktaurs, a kobold demonologist, an iron imp (summoned) and a
friendly ice beast (summoned).

Vanquished Creatures
  Erolcha (D:9)
  A troll (D:6)
  A vampire (D:9)
  2 yaks (D:8)
  A steam dragon (D:6)
  Menkaure (Ossuary)
  An orc warrior (D:9)
  A sky beast (D:7)
  A necrophage (D:5)
  An ogre (D:4)
  2 centaurs
  A kobold brigand (D:10)
  A phantom (D:5)
  A bullfrog (D:5)
  A gnoll sergeant (D:5)
  2 scorpions (D:4)
  5 wights (D:9)
  3 centaur zombies
  A bullfrog zombie (D:4)
  A gnoll shaman (D:7)
  2 hounds
  2 jellies (D:5)
  A bullfrog skeleton (D:6)
  3 orc priests
  2 centaur skeletons
  2 orc wizards (D:8)
  A hound zombie (D:4)
  A hound skeleton (D:4)
  3 mummies (Ossuary)
  A howler monkey zombie (D:8)
  7 gnolls
  5 adders
  A shadow imp (D:8)
  2 adder zombies (D:4)
  A worm (D:5)
  11 dart slugs
  14 orcs
  7 endoplasms
  5 giant cockroaches
  18 goblins
  6 hobgoblins
  2 jackals (D:1)
  2 quokkas
  11 ball pythons
  6 bats
  3 frilled lizards
  4 gnoll skeletons (Ossuary)
  4 gnoll zombies (Ossuary)
  3 goblin skeletons (Ossuary)
  7 goblin zombies (Ossuary)
  3 hobgoblin skeletons (Ossuary)
  2 hobgoblin zombies (Ossuary)
  8 kobolds
  2 kobold skeletons (Ossuary)
  2 kobold zombies (Ossuary)
  3 orc skeletons (Ossuary)
  4 orc zombies (Ossuary)
  A quokka skeleton (D:4)
  13 rats
  2 rat skeletons (Ossuary)
  2 rat zombies (Ossuary)
208 creatures vanquished.

Vanquished Creatures (collateral kills)
  Gastronok (D:9)
  Maggie (D:9)
  A troll (D:10)
  2 yaks (D:8)
  2 orc warriors (D:10)
  A hornet zombie (D:5)
  6 ogres
  A centaur (D:6)
  3 kobold brigands
  A bullfrog (D:6)
  4 gnoll sergeants (D:10)
  A water moccasin zombie (D:7)
  A water moccasin skeleton (D:4)
  4 killer bees (D:9)
  A howler monkey (D:9)
  2 centaur zombies (D:9)
  A hound (D:5)
  A jelly (D:6)
  A bullfrog zombie (D:4)
  An iguana (D:6)
  A scorpion zombie (D:4)
  4 orc wizards
  3 gnolls
  An adder skeleton (D:4)
  An adder zombie (D:4)
  13 orcs
  An endoplasm (D:4)
  A gnoll skeleton (Ossuary)
  2 gnoll zombies (Ossuary)
  2 goblin skeletons (Ossuary)
  A goblin zombie (Ossuary)
  A hobgoblin skeleton (Ossuary)
  A jackal skeleton (D:4)
  A kobold (D:6)
  An orc zombie (Ossuary)
  2 foxfires (D:5)
72 creatures vanquished.

Vanquished Creatures (others)
  A centaur zombie (D:9)
  A goblin skeleton (Ossuary)
  A hobgoblin skeleton (Ossuary)
  An orc skeleton (Ossuary)
  A rat skeleton (Ossuary)
  975 foxfires
  6 plants (D:5)
  A withered plant (D:4)
987 creatures vanquished.

Grand Total: 1267 creatures vanquished

Notes
Turn   | Place    | Note
-------+----------+-------------------------------------------
     0 | D:1      | hunterBerkeley the Djinni Fire Elementalist began the quest
                  | for the Orb.
     0 | D:1      | Reached XP level 1. HP: 15/15 MP: 0/0
   302 | D:1      | Reached XP level 2. HP: 19/21 MP: 0/0
   633 | D:1      | Reached skill level 3 in Spellcasting
   637 | D:1      | Reached XP level 3. HP: 8/25 MP: 0/0
   637 | D:1      | Learned a level 1 spell: Apportation
  1618 | D:3      | Reached XP level 4. HP: 24/31 MP: 0/0
  3209 | D:3      | Reached XP level 5. HP: 33/35 MP: 0/0
  3209 | D:3      | Learned a level 2 spell: Call Imp
  3623 | D:2      | Found a faded altar of an unknown god.
  4235 | D:4      | Reached skill level 4 in Spellcasting
  4499 | D:4      | Reached XP level 6. HP: 32/40 MP: 0/0
  5641 | D:4      | Reached skill level 5 in Spellcasting
  5706 | D:4      | Reached XP level 7. HP: 45/45 MP: 0/0
  5706 | D:4      | Learned a level 3 spell: Ozocubu's Armour
  6263 | D:5      | Entered Level 5 of the Dungeon
  6315 | D:5      | Reached skill level 6 in Spellcasting
  6334 | D:5      | Found a faded altar of an unknown god.
  6334 | D:5      | Found a faded altar of an unknown god.
  6334 | D:5      | Found a faded altar of an unknown god.
  6341 | D:5      | Reached XP level 8. HP: 51/51 MP: 0/0
  6352 | D:5      | Found a hazy altar of Hepliaklqana.
  6438 | D:5      | Found Osezxaes's Book Shop.
  6614 | D:5      | Reached skill level 7 in Spellcasting
  7572 | D:6      | Noticed a troll
  7584 | D:6      | Killed a troll
  7585 | D:6      | Reached XP level 9. HP: 50/56 MP: 0/0
  7585 | D:6      | Learned a level 4 spell: Summon Ice Beast
  7588 | D:6      | Reached skill level 8 in Spellcasting
  7638 | D:6      | Found Tidim's Jewellery Emporium.
  7700 | D:6      | Reached skill level 1 in Fighting
  8064 | D:7      | Found a sand-covered staircase.
  8069 | Ossuary  | Entered an ossuary
  8556 | Ossuary  | Noticed Menkaure
  8565 | Ossuary  | Killed Menkaure
  8759 | D:7      | Found a staircase to the Ecumenical Temple.
  8838 | Temple   | Entered the Ecumenical Temple
  9021 | Temple   | Became a worshipper of Makhleb the Destroyer
  9685 | D:8      | Found Leaduad's Jewellery Emporium.
  9845 | D:8      | Reached skill level 9 in Spellcasting
  9981 | D:8      | Reached XP level 10. HP: 37/64 MP: 0/0
 10880 | D:9      | Noticed Gastronok
 10889 | D:9      | Noticed Maggie
 10893 | D:9      | Noticed Erolcha
 10959 | D:9      | Killed Gastronok
 10960 | D:9      | Reached skill level 10 in Spellcasting
 11043 | D:9      | Killed Erolcha
 11173 | D:9      | Killed Maggie
 11241 | D:9      | Reached * piety under Makhleb
 11477 | D:10     | Entered Level 10 of the Dungeon
 11561 | D:10     | Found a staircase to the Orcish Mines.
 11573 | D:10     | Reached skill level 11 in Spellcasting
 11661 | D:10     | Reached XP level 11. HP: 68/69 MP: 0/0
 11661 | D:10     | Learned a level 5 spell: Blade Hands
 11745 | D:10     | Reached ** piety under Makhleb
 11747 | D:10     | Reached skill level 5 in Dodging
 11823 | D:10     | HP: 1/69 [yaktaur/bolt (31)]
 11823 | D:10     | Shot with a bolt by a yaktaur

Illustrated notes

Levels and vault maps discovered:
D:1:      amcnicky_arrival_underground_garden, layout_rooms, minivault_14
D:2:      layout_basic, ebering_ecumenical_altar_mist
D:3:      kennysheep_slugbush, layout_basic, corner_web_ring
D:4:      layout_loops_corners, serial_undead, serial_undead_c, serial_undead_b,
          serial_undead_c, serial_undead_a, serial_undead_a, serial_undead_a,
          minmay_ogre_servants
D:5:      layout_loops_ring, nicolae_hepliaklqana_ecumenical_no_more,
          serial_shops, nicolae_shop_statue_plus
D:6:      layout_basic, serial_shops, nicolae_shop_stone, minmay_misc_feat_cross
D:7:      layout_loops_ring, minmay_temple_entry_slanted,
          nicolae_ossuary_entry_plus
D:8:      layout_layer_cave, serial_shops, nicolae_shop_waterfront
D:9:      layout_roguey, uniq_maggie, uniq_gastronok, uniq_erolcha
D:10:     layout_gridville, kennysheep_orc_monster_closet_entryway,
          chequers_serial_rivers_micro_d
Temple:   dpeg_three_leaves_temple

Skill      XL: |  1  2  3  4  5  6  7  8  9 10 11 |
---------------+----------------------------------+-----
Spellcasting   | 3 4 5 6 7 9 11 | 11.4
Stealth        | 2 3 |  3.2
Dodging        | 3 4 5 |  5.2
Fighting       | 2 |  2.4
Polearms       | |  0.7
Unarmed Combat | |  0.4
Evocations     | |  0.1

Action                   |  1- 3 |  4- 6 |  7- 9 | 10-12 || total
-------------------------+-------+-------+-------+-------++-------
Melee: Unarmed           |       |    10 |    21 |       ||    31
       Spear             |       |       |    16 |     7 ||    23
       Punch             |       |       |     1 |       ||     1
 Cast: Foxfire           |    79 |   182 |   364 |    41 ||   666
       Call Imp          |       |    26 |   154 |     8 ||   188
       Sticky Flame      |       |     2 |    12 |    12 ||    26
       Inner Flame       |       |       |     1 |       ||     1
       Summon Ice Beast  |       |       |       |    69 ||    69
       Ozocubu's Armour  |       |       |       |     3 ||     3
Evoke: Wand              |       |       |       |     1 ||     1
  Use: Scroll            |       |     4 |     7 |     3 ||    14
       Potion            |       |       |       |     2 ||     2
 Stab: Distracted        |       |       |     1 |       ||     1
Armor: Robe              |     9 |    33 |    27 |    23 ||    92
       Steam dragon scal |       |       |       |    11 ||    11
Dodge: Dodged            |    27 |    57 |    78 |    74 ||   236

Table legend: (Time is in decaauts)
 A = Elapsed time spent in this place.
 B = Non-inter-level travel time spent in this place.
 C = Inter-level travel time spent in this place.
 D = Time resting spent in this place.
 E = Time spent auto-exploring this place.
 F = Levels seen in this place.
 G = Mean time per level.
                   A        B        C        D        E       F      G
               +--------+--------+--------+--------+--------+-----+--------+
         Total |  11863 |  11524 |    339 |      0 |   6041 |  12 |  988.6 |
       Dungeon |  11020 |  10681 |    339 |      0 |   6041 |  10 | 1102.0 |
        Temple |    200 |    200 |      0 |      0 |      0 |   1 |  200.0 |
       Ossuary |    641 |    641 |      0 |      0 |      0 |   1 |  641.0 |
               +--------+--------+--------+--------+--------+-----+--------+

Top non-repeatable levels by time:
     D:4: 2093 daAuts
     D:3: 2057 daAuts
     D:1: 1420 daAuts
     D:8: 1144 daAuts
     D:5: 948 daAuts
     D:7: 912 daAuts
     D:6: 712 daAuts
     D:2: 697 daAuts
     D:9: 689 daAuts
 Ossuary: 641 daAuts
    D:10: 345 daAuts
  Temple: 200 daAuts
